Map: Orbital Shipyard

Players

LilDicky

  • Race: Terran Terran
  • League: Diamond

BigPoppaJoel - Winner!

  • Race: Protoss Protoss
  • League: Diamond

VOD

http://www.twitch.tv/tumescentpie

Description

Time

  • Played on: Dec. 31, 2015, 6:12 p.m.
  • Length: 5:39
Show
View Real Time Build Order
Export as new Build Order

LilDicky Terran 

Build Orders: MMM Bio 

Get SALT Encoding   

  12  0:02  SCV  
  13  0:14  SCV  
  14  0:25  Supply Depot  
  14  0:29  SCV  
  14  0:32  Refinery  
  15  0:46  SCV  
  15  0:49  Barracks  
  16  0:58  SCV  
  17  1:10  SCV  
  18  1:22  SCV  
  19  1:31  Supply Depot  
  19  1:40  Factory  
  19  1:42  Marine  
  20  1:49  Orbital Command  
  20  2:00  Barracks  
  20  2:03  Marine  
  20  2:07  Barracks  
  21  2:14  Refinery  
  21  2:16  SCV  
  21  2:21  Barracks Reactor  
  22  2:30  SCV  
  22  2:34  Supply Depot  
  23  2:42  SCV  
  24  2:49  Barracks Tech Lab  
  24  2:53  Widow Mine  
  24  2:56  Barracks Tech Lab  
  24  2:57  Marine  
  27  3:02  Marine  
  28  3:08  Stimpack  
  28  3:10  Marine  
  29  3:14  Marine  
  29  3:17  Combat Shields  
  29  3:18  Marine  
  29  3:19  Marine  
  31  3:23  SCV  
  33  3:28  Marine  
  33  3:32  Marine  
  37  3:39  Starport  
  37  3:41  SCV  
  35  3:53  Marine x3  
  35  3:54  Marine  
  35  3:55  SCV  
  38  4:07  SCV  
  39  4:10  Supply Depot, Marine  
  39  4:15  Medivac  
  42  4:19  SCV  
  42  4:23  Marine  
  44  4:27  Marauder  
  46  4:39  Marauder, Marine  
  49  4:49  Marauder  
  49  4:50  Concussive Shells, Marine  
  52  4:57  Marine  
  53  5:01  Marauder  
  55  5:19  Supply Depot  
Show
View Real Time Build Order
Export as new Build Order

BigPoppaJoel Protoss - Winner!

Build Orders:  

Get SALT Encoding   

  12  0:01  Probe (Chrono Boost)  
  13  0:11  Probe (Chrono Boost)  
  14  0:17  Pylon  
  14  0:22  Probe (Chrono Boost)  
  15  0:36  Probe (Chrono Boost)  
  15  0:38  Gateway  
  16  0:46  Probe (Chrono Boost)  
  16  0:48  Assimilator  
  17  0:55  Assimilator  
  17  0:58  Probe (Chrono Boost)  
  18  1:08  Probe (Chrono Boost)  
  19  1:19  Probe (Chrono Boost)  
  20  1:29  Cybernetics Core  
  20  1:30  Probe (Chrono Boost)  
  21  1:40  Probe (Chrono Boost)  
  22  1:51  Probe (Chrono Boost)  
  23  2:00  Nexus  
  23  2:12  Pylon  
  23  2:20  Warp Gate  
  23  2:26  Robotics Facility  
  23  2:31  Probe (Chrono Boost)  
  24  2:38  Adept (Chrono Boost)  
  24  2:41  Probe (Chrono Boost)  
  27  2:52  Probe (Chrono Boost)  
  28  3:03  Probe  
  29  3:13  Observer  
  29  3:18  Probe  
  31  3:21  Mothership Core  
  30  3:34  Probe  
  31  3:42  Probe  
  31  3:44  Immortal  
  31  3:45  Probe  
  37  3:52  Gateway x2  
  37  3:55  Probe x2  
  39  4:06  Probe  
  39  4:07  Probe  
  41  4:14  Assimilator  
  41  4:16  Probe, Pylon  
  41  4:19  Probe  
  41  4:20  Assimilator  
  43  4:27  Probe  
  43  4:31  Probe  
  45  4:35  Pylon  
  45  4:37  Probe  
  45  4:43  Probe  
  47  4:49  Sentry x2  
  47  4:50  Stalker  
  51  4:56  Pylon  
  51  4:59  Probe  
  52  5:00  Probe  
  57  5:08  Pylon  
  57  5:16  Stalker x3  
Tags
 
Add a new tag
Caveats
  • Supply blocks, unpowered buildings, or Contaminate may cause inaccurate times.
  • Supply counts are checked every 10 seconds.